 Dungeon Crawl Stone Soup version 0.31-a0-188-g5e087ee2ca (webtiles) character file.

Game seed: 18394723194559336309

96 qw the Shooter (level 4, 0/25 HPs)
             Began as a Deep Elf Hunter on June 23, 2023.
             Succumbed to their own poison gas
             ... on level 4 of the Dungeon.
             The game lasted 00:00:50 (2621 turns).

qw the Shooter (Deep Elf Hunter)                    Turns: 2621, Time: 00:00:50

Health: 0/25       AC:  6    Str: 10    XL:     4   Next: 41%
Magic:  6/6        EV: 11    Int: 14    God:
Gold:   72         SH:  0    Dex: 18    Spells: 3/3 levels left

rFire   . . .        Y - +2 shortbow
rCold   . . .        (shield currently unavailable)
rNeg    . . .        d - +0 ring mail
rPois   .            (no helmet)
rElec   .            g - +0 cloak
rCorr   .            (no gloves)
SInv    .            (no boots)
Will    .....        (no amulet)
Stlth   +            (no ring)
HPRegen 0.24/turn    (no ring)
MPRegen 0.10/turn

%: no passive effects
@: lethally poisoned (0 -> -9)
A: no striking features
a: no special abilities


You were on level 4 of the Dungeon.
You visited 1 branch of the dungeon, and saw 4 of its levels.

You collected 232 gold pieces.
You spent 160 gold pieces at shops.


   Skills:
 - Level 1.5 Fighting
 + Level 7.8 Ranged Weapons
 - Level 2.4 Dodging
 - Level 1.2 Stealth


You had 3 spell levels left.
You didn't know any spells.
Your spell library was empty.

Inventory:

Hand Weapons
 Y - a +2 shortbow (weapon)
Armour
 d - a +0 ring mail (worn)
 g - a +0 cloak (worn)
Scrolls
 e - 2 scrolls of identify
Potions
 a - a potion of might
 b - a potion of heal wounds

Dungeon Overview and Level Annotations

Branches:
Dungeon (4/15)
 Temple: D:4-7

Altars:

Shops:
D:3 [


Message History

2614 ||| READING scroll labelled NIAJIOFFASI.
As you read the scroll labelled NIAJIOFFASI, it crumbles to dust.
It is a scroll of amnesia.
You feel forgetful for a moment.
Done exploring.
2615 ||| READING 4 scrolls of identify.
As you read the scroll of identify, it crumbles to dust.
a - a potion of might
2615 ||| IDENTIFYING viscous ruby potion Done exploring.
2616 ||| READING 3 scrolls of identify.
As you read the scroll of identify, it crumbles to dust.
b - a potion of heal wounds;
2616 ||| IDENTIFYING grey potion Done exploring.
(D) Dungeon
Where to? (* - list waypoints, Enter - D:4, ? - help)
What level of the Dungeon? (default 1, ? - help) Sorry, I don't know how to get there.
Enter note:
Enter note:
Enter note:
Enter note:
Enter note:
Enter note:
Enter note:
Enter note:
Enter note:
Enter note:
Enter note:
Enter note: Really walk into that cloud of poison gas?
You are engulfed in poison gas.
You are poisoned.
You feel very sick.
2618 ||| Stepping ~*~*~tactically~*~*~ (cloud).
You feel very sick.
There is a lethal amount of poison in your body!
You feel very sick.
There is a lethal amount of poison in your body!
You feel very sick.
There is a lethal amount of poison in your body!
You die...

#.............# #..
#.>...000[..#########..
##....#0¤....##.##......
#.....#¤0...............
#.....#0¤.....#.#.......
#...#..¤####............
####¤###¤# ##.#.#.......
###¤¤¤0¤¤¤¤# #......<#..#
#..0¤¤00¤¤@#########.####.#
#..¤0¤0¤0¤0¤¤..# #....#.#
#..0¤¤¤¤¤¤¤¤¤### #.####..
#..0¤0¤¤¤¤¤¤¤#######.##.#..
#..000¤¤¤0¤#¤¤......)##.#..
######0###¤#¤#######..#.#..
#¤###¤#¤# #......#.#..
#.....#.# #.##........
#####.#.# #.#....#....


There were no monsters in sight!

Vanquished Creatures
  2 adders
  2 worms (D:2)
  A dart slug (D:1)
  An orc (D:3)
  4 ball pythons
  6 endoplasms
  2 giant cockroaches
  5 goblins
  6 hobgoblins
  6 jackals
  7 kobolds
  6 quokkas
  6 bats
  4 frilled lizards
  5 rats
63 creatures vanquished.

Notes
Turn   | Place    | Note
-------+----------+-------------------------------------------
     0 | D:1      | qw the Deep Elf Hunter began the quest for the Orb.
     0 | D:1      | Reached XP level 1. HP: 12/12 MP: 3/3
     0 | D:1      | 0 ||| qw: Version: 0.3-a-9-g12657ce
     0 | D:1      | 0 ||| qw: Game counter: 3445
     0 | D:1      | 0 ||| qw: Always use a shield: true
     0 | D:1      | 0 ||| qw: God list: Okawaru
     0 | D:1      | 0 ||| qw: Allow faded altars: false
     0 | D:1      | 0 ||| qw: Do Orc after D:15 true
     0 | D:1      | 0 ||| qw: Do second Lair branch before Depths: true
     0 | D:1      | 0 ||| qw: Lair rune preference: random
     0 | D:1      | 0 ||| qw: Plans: Normal
     0 | D:1      | 0 ||| PLANNING D:1-11
   241 | D:1      | Reached XP level 2. HP: 16/16 MP: 4/4
   254 | D:1      | Reached skill level 6 in Ranged Weapons
   749 | D:1      | Reached XP level 3. HP: 20/20 MP: 5/5
   841 | D:1      | 841 ||| UPGRADING to +0 ring mail.
   851 | D:1      | 851 ||| DROPPING +0 leather armour.
   852 | D:1      | 852 ||| READING scroll labelled BAMYEP HOCKUUSM.
   853 | D:1      | 853 ||| READING scroll labelled CIODGH DISOMN.
   854 | D:1      | 854 ||| DROPPING scroll of butterflies.
  1012 | D:2      | 1012 ||| READING scroll labelled HITUYN HIAL FAG.
  1017 | D:2      | 1017 ||| STAIRDANCE
  1147 | D:2      | Reached skill level 7 in Ranged Weapons
  1165 | D:2      | Found a faded altar of an unknown god.
  1624 | D:3      | 1624 ||| READING scroll of enchant weapon.
  1624 | D:3      | 1624 ||| ENCHANTING +1 shortbow.
  1733 | D:3      | Reached XP level 4. HP: 25/25 MP: 6/6
  1832 | D:3      | Found Odghizion's Antique Armour Shop.
  1837 | D:3      | 1837 ||| BUYING embroidered scarf (160 gold).
  1837 | D:3      | Bought an embroidered scarf for 160 gold pieces
  1837 | D:3      | 1837 ||| SHOPLISTING pair of runed boots (150 gold, have
                  | 1).
  2082 | D:3      | 2082 ||| DROPPING scarf of harm.
  2083 | D:3      | 2083 ||| READING scroll labelled DEEPOI DAONA.
  2084 | D:3      | 2084 ||| READING scroll labelled OGGIMAFATE.
  2126 | D:3      | 2126 ||| DRINKING 2 metallic blue potions.
  2127 | D:3      | 2127 ||| DROPPING potion of magic.
  2608 | D:4      | 2608 ||| UPGRADING to +0 cloak.
  2613 | D:4      | 2613 ||| READING scroll labelled REHOVV ZIONU.
  2614 | D:4      | 2614 ||| READING scroll labelled NIAJIOFFASI.
  2615 | D:4      | 2615 ||| READING 4 scrolls of identify.
  2615 | D:4      | 2615 ||| IDENTIFYING viscous ruby potion
  2616 | D:4      | 2616 ||| READING 3 scrolls of identify.
  2616 | D:4      | 2616 ||| IDENTIFYING grey potion
  2618 | D:4      | 2618 ||| Stepping ~*~*~tactically~*~*~ (cloud).
  2619 | D:4      | HP: 4/25 [poisoned by you (poison gas)]
  2620 | D:4      | HP: 1/25 [poisoned by you (poison gas)]
  2621 | D:4      | Succumbed to their own poison gas

Levels and vault maps discovered:
D:1:      minmay_arrival_up_and_down, layout_basic
D:2:      layout_loops_cross, shapermc_ecumenical_altar_pompeii
D:3:      layout_loops_ring, serial_shops, shop
D:4:      layout_basic

Skill      XL: |  1  2  3 |
---------------+----------+-----
Ranged Weapons | 6 7 |  7.8
Fighting       | |  1.5
Dodging        | |  2.4
Stealth        | |  1.2

Action                     |  1- 3 |  4- 6 || total
---------------------------+-------+-------++-------
   Fire: Shortbow          |   124 |    31 ||   155
    Use: Scroll            |     4 |     6 ||    10
         Potion            |       |     1 ||     1
 Armour: Leather armour    |     5 |       ||     5
         Ring mail         |     8 |     3 ||    11
  Dodge: Dodged            |    34 |     7 ||    41

Table legend:
 A = Non-vault XP
 B = Vault XP
 C = Vault XP percentage of total XP
 D = Non-vault monster count
 E = Vault monster count
 F = Vault count percentage of total count
                 A         B        C        D         E       F
            +---------+---------+-------+---------+---------+-------
      Total |     138 |       0 |   0.0 |      63 |       0 |   0.0
            +---------+---------+-------+---------+---------+-------
        D:1 |      42 |       0 |   0.0 |      25 |       0 |   0.0
        D:2 |      49 |       0 |   0.0 |      18 |       0 |   0.0
        D:3 |      16 |       0 |   0.0 |       9 |       0 |   0.0
        D:4 |      31 |       0 |   0.0 |      11 |       0 |   0.0
            +---------+---------+-------+---------+---------+-------
